 Dungeon Crawl Stone Soup version 0.26-a0-487-gbff1e92059 (webtiles) character file.

Game seed: 18214128957215972276

3630 ANON1729 the Basher (level 9, -3/139 HPs)
             Began as a Troll Berserker on Aug 2, 2020.
             Was an Elder of Trog.
             Slain by a warg (18 damage)
             ... on level 7 of the Dungeon.
             The game lasted 00:10:53 (5461 turns).

ANON1729 the Basher (Troll Berserker)               Turns: 5461, Time: 00:10:54

Health: -3/139     AC:  7    Str: 30    XL:     9   Next: 87%
Magic:  8/8        EV: 13    Int:  3    God:    Trog [****..]
Gold:   209        SH:  0    Dex: 15    Spells: 8/8 levels left

rFire    . . .     SeeInvis .   w - +0 whip (elec)
rCold    . . .     Faith    .   (no shield)
rNeg     . . .     Spirit   .   b - +0 animal skin
rPois    .         Reflect  .   (helmet restricted)
rElec    +         Harm     .   z - +0 cloak
rCorr    .                      (gloves unavailable)
MR       +++..                  (boots unavailable)
Stlth    ..........             y - amulet of Miurr {RegenMP rElec}
HPRegen  1.73/turn              m - ring of protection from magic
MPRegen  0.36/turn              r - +6 ring of dexterity

@: berserking, regenerating, very quick
A: large, unfitting armour, claws 3, regeneration 1, shaggy fur 1, tough skin 3
a: Berserk, Trog's Hand, Brothers in Arms, Renounce Religion


You were on level 7 of the Dungeon.
You worshipped Trog.
Trog was greatly pleased with you.
You visited 2 branches of the dungeon, and saw 8 of its levels.

You collected 209 gold pieces.

Inventory:

Hand Weapons
 d - a +1 whip of freezing
 w - a +0 whip of electrocution (weapon)
Armour
 b - a +0 animal skin (worn)
 z - a +0 cloak (worn)
Jewellery
 m - a ring of protection from magic (left claw)
 r - a +6 ring of dexterity (right claw)
 y - the amulet of Miurr (around neck) {RegenMP rElec}
   (You found it on level 4 of the Dungeon)

   [amulet of magic regeneration]

   It increases your magic regeneration.
   It insulates you from electricity.
Wands
 s - a wand of flame (21)
 C - a wand of acid (13)
 F - a wand of polymorph (8)
Scrolls
 a - 3 scrolls of magic mapping {unknown}
 c - 2 scrolls of identify
 g - a scroll of enchant weapon
 h - a scroll of blinking
 i - 4 scrolls of teleportation
 k - 2 scrolls of immolation
 l - a scroll of silence
 p - 2 scrolls of fog
 u - 3 scrolls of remove curse
Potions
 f - a potion of mutation {unknown}
 j - a potion of haste {unknown}
 n - 5 potions of flight
 o - 3 potions of curing
 q - 3 potions of lignification
 t - 3 potions of magic {unknown}
 x - a potion of might {unknown}
 A - a potion of stabbing {unknown}
 B - a potion of brilliance {unknown}
 D - a potion of heal wounds {unknown}


   Skills:
 * Level 7.3 Fighting
 * Level 8.1 Maces & Flails
 + Level 4.4 Armour
 + Level 5.4 Dodging


You had 8 spell levels left.
You didn't know any spells.
Your spell library was empty.

Dungeon Overview and Level Annotations

Branches:
Dungeon (7/15)             Temple (1/1) D:7

Altars:
Ashenzari
Cheibriados
Dithmenos
Elyvilon
Fedhas
Gozag
Hepliaklqana
Makhleb
Nemelex Xobeh
Okawaru
Qazlal
Ru
Sif Muna
Trog
Vehumet
Xom
Yredelemnul
Zin


Innate Abilities, Weirdness & Mutations

You are too large for most types of armour.
You have claws for hands.
Your natural rate of healing is unusually fast.
You are covered in fur. (AC +1)
You have extremely tough skin. (AC +3)


Message History

A red film seems to cover your vision as you go berserk!
You feel yourself moving faster!
You feel mighty! The warg bites you.
You whack the warg!
The warg is moderately wounded.
The warg bites you!
* * * LOW HITPOINT WARNING * * *
You closely miss the warg.
The warg is moderately wounded.
The warg bites you!
* * * LOW HITPOINT WARNING * * *
You closely miss the warg.
The warg is moderately wounded.
You whack the warg!
The warg is heavily wounded.
The warg bites you!
* * * LOW HITPOINT WARNING * * *
You closely miss the warg.
The warg is heavily wounded.
The warg bites you!!
You die...

≈≈≈≈≈≈≈≈... ≈≈≈≈≈≈≈≈...
............ ########''''#
###### #....# +....#+#
#....# #...... #....#
#.(..###
'#######....#########')##[#
.......#....#ooh@.....[...#
.......)...oooo8#..)....))#
.......')...'o.8#..##)'##)#
.......#8..8#......#....###
####################..)...#
+....#+# ####### ######
....... ≈≈≈≈≈≈≈


You could see a warg, 4 orc warriors and 3 orcs.

Vanquished Creatures
  Pikel (D:6)
  An orc sorcerer (D:7)
  Maggie (D:6)
  4 wargs
  Menkaure (D:4)
  Duvessa (D:6)
  A black bear (D:6)
  A sky beast (D:5)
  3 orc warriors (D:7)
  A hornet zombie (D:6)
  A phantom (D:5)
  3 ogres
  A centaur (D:6)
  Blork the orc (D:4)
  A bullfrog (D:7)
  A scorpion (D:6)
  An orc priest (D:6)
  A jelly (D:5)
  A hound (D:6)
  Crazy Yiuf (D:4)
  2 orc wizards
  Jessica (D:2)
  Ijyb (D:3)
  4 worker ants
  3 gnolls (D:4)
  A worker ant zombie (D:5)
  A howler monkey skeleton (D:5)
  11 adders
  A river rat (D:6)
  A shadow imp (D:5)
  A white imp (D:6)
  3 ufetubi (D:5)
  4 worms
  A dart slug (D:3)
  5 leopard geckos
  20 orcs
  5 giant cockroaches
  14 goblins
  13 hobgoblins
  3 jackals (D:3)
  5 quokkas
  A ball python (D:1)
  4 bats
  9 frilled lizards
  A giant cockroach zombie (D:6)
  7 kobolds
  A leopard gecko zombie (D:6)
  A quokka skeleton (D:4)
  7 rats
158 creatures vanquished.

Vanquished Creatures (collateral kills)
  A warg (D:7)
1 creature vanquished.

Vanquished Creatures (others)
  2 plants (D:7)
2 creatures vanquished.

Grand Total: 161 creatures vanquished

Notes
Turn   | Place    | Note
-------+----------+-------------------------------------------
     0 | D:1      | ANON1729 the Troll Berserker began the quest for the Orb.
     0 | D:1      | Reached XP level 1. HP: 22/22 MP: 0/0
   244 | D:1      | Reached XP level 2. HP: 29/29 MP: 1/1
   359 | D:1      | Reached skill level 3 in Maces & Flails
   584 | D:1      | Reached ** piety under Trog
   812 | D:1      | Reached XP level 3. HP: 36/36 MP: 2/2
   953 | D:2      | Noticed Jessica
   962 | D:2      | Killed Jessica
  1000 | D:2      | Reached XP level 4. HP: 42/45 MP: 3/3
  1575 | D:2      | Reached XP level 5. HP: 43/53 MP: 4/4
  1735 | D:2      | Reached skill level 1 in Armour
  1953 | D:3      | Reached skill level 4 in Maces & Flails
  1974 | D:3      | Noticed Ijyb
  1993 | D:3      | Killed Ijyb
  2130 | D:3      | Reached *** piety under Trog
  2240 | D:4      | Noticed an ogre
  2248 | D:4      | Killed an ogre
  2248 | D:4      | Reached XP level 6. HP: 16/62 MP: 5/5
  2316 | D:4      | Noticed Menkaure
  2323 | D:4      | Killed Menkaure
  2390 | D:4      | Got a slimy falchion
  2391 | D:4      | Identified the cursed +1 falchion "Xeghuuc" {vorpal, rF+
                  | Dex+5} (You found it on level 4 of the Dungeon)
  2398 | D:4      | Found a shattered altar of Ashenzari.
  2522 | D:4      | Found a runed translucent door.
  2523 | D:4      | Noticed Crazy Yiuf
  2708 | D:4      | Reached XP level 7. HP: 65/70 MP: 6/6
  2715 | D:4      | Noticed Blork the orc
  2820 | D:4      | Killed Blork the orc
  2952 | D:4      | Got a faintly glowing ruby amulet
  3063 | D:4      | Identified the amulet of Miurr {RegenMP rElec} (You found
                  | it on level 4 of the Dungeon)
  3068 | D:4      | Killed Crazy Yiuf
  3122 | D:5      | Entered Level 5 of the Dungeon
  3144 | D:5      | Reached skill level 5 in Maces & Flails
  3493 | D:6      | Reached skill level 5 in Fighting
  3523 | D:6      | Reached **** piety under Trog
  3563 | D:6      | Noticed Maggie
  3579 | D:6      | Killed Maggie
  3579 | D:6      | Reached skill level 6 in Maces & Flails
  3579 | D:6      | Reached XP level 8. HP: 61/81 MP: 7/7
  3593 | D:6      | Noticed Dowan
  3594 | D:6      | Noticed Duvessa
  3614 | D:6      | Killed Duvessa
  3622 | D:6      | Noticed Dowan
  3622 | D:6      | Dowan changed into Dowan the river rat
  3623 | D:6      | Killed Dowan the river rat
  3733 | D:6      | Noticed Pikel
  3756 | D:6      | Killed Pikel
  3856 | D:6      | Reached XP level 9. HP: 54/89 MP: 8/8
  4026 | D:6      | Reached skill level 7 in Maces & Flails
  4369 | D:6      | Found a glowing silver altar of Zin.
  4369 | D:6      | Found an iron altar of Okawaru.
  4642 | D:7      | Found a shimmering altar of Xom.
  4669 | D:7      | Found a staircase to the Ecumenical Temple.
  4678 | D:7      | Reached skill level 5 in Dodging
  4721 | Temple   | Entered the Ecumenical Temple
  5434 | D:7      | Noticed an orc sorcerer
  5444 | D:7      | Killed an orc sorcerer
  5444 | D:7      | Reached skill level 8 in Maces & Flails
  5461 | D:7      | Slain by a warg

Illustrated notes

Levels and vault maps discovered:
D:1:      scummos_arrival_gate, layout_loops_corners
D:2:      layout_basic, hex_tiny, minmay_goblin_outpost, uniq_jessica
D:3:      layout_rooms, uniq_ijyb
D:4:      layout_rooms, kennysheep_little_box, uniq_blork_the_orc,
          uniq_crazy_yiuf_cottage, uniq_menkaure
D:5:      layout_rooms
D:6:      layout_basic, gammafunk_temple_overflow_pools, uniq_maggie,
          uniq_duvessa, uniq_pikel
D:7:      lemuel_castle_with_subvaults [lemuel_castle_interior_carwin_2],
          layout_cave_pools, minmay_temple_entry_grid, basic_altar,
          wad_floor_pattern_1
Temple:   nicolae_temple_great_sept

Skill      XL: |  1  2  3  4  5  6  7  8  9 |
---------------+----------------------------+-----
Maces & Flails | 3 4 6 8 |  8.1
Fighting       | 3 4 5 6 7 |  7.3
Dodging        | 3 4 5 |  5.4
Armour         | 1 2 3 4 |  4.4

Action                   |  1- 3 |  4- 6 |  7- 9 || total
-------------------------+-------+-------+-------++-------
Melee: Whip              |    93 |   215 |    34 ||   342
       Mace              |     7 |       |       ||     7
       Falchion          |       |    20 |   286 ||   306
       Unarmed           |       |       |    21 ||    21
Throw: Stone             |       |     4 |       ||     4
Invok: Berserk           |       |     2 |     6 ||     8
       Trog's Hand       |       |       |     1 ||     1
       Brothers in Arms  |       |       |     1 ||     1
Evoke: Wand              |       |       |     3 ||     3
  Use: Scroll            |       |       |    13 ||    13
       Potion            |       |       |     1 ||     1
 Stab: Sleeping          |       |       |     3 ||     3
Armor: Animal skin       |    34 |    71 |   102 ||   207
       Skin              |       |       |     2 ||     2
Dodge: Dodged            |    59 |   135 |   299 ||   493
       Rpst.: Falchion   |       |     2 |    64 ||    66

Table legend: (Time is in decaauts)
 A = Elapsed time spent in this place.
 B = Non-inter-level travel time spent in this place.
 C = Inter-level travel time spent in this place.
 D = Time resting spent in this place.
 E = Time spent auto-exploring this place.
 F = Levels seen in this place.
 G = Mean time per level.
                   A        B        C        D        E       F      G
               +--------+--------+--------+--------+--------+-----+--------+
         Total |   5569 |   5428 |    141 |    820 |   3256 |   8 |  696.1 |
       Dungeon |   5433 |   5307 |    126 |    786 |   3186 |   7 |  776.1 |
        Temple |    135 |    120 |     15 |     34 |     70 |   1 |  135.0 |
               +--------+--------+--------+--------+--------+-----+--------+

Top non-repeatable levels by time:
     D:6: 1168 daAuts
     D:1: 947 daAuts
     D:7: 818 daAuts
     D:2: 795 daAuts
     D:4: 792 daAuts
     D:3: 588 daAuts
     D:5: 323 daAuts
  Temple: 135 daAuts
